 Dungeon Crawl Stone Soup version 0.30-a0-29-g142975f185 (webtiles) character file.

Game seed: 16295447118191326089

293537 Flugkiller the Warrior (level 19, -26/187 HPs)
             Began as a Minotaur Fighter on Aug 25, 2022.
             Was an Elder of Qazlal.
             Annihilated by Tiamat
             ... wielding a +2 glaive of protection
              (60 damage)
             ... on level 4 of the Depths.
             The game lasted 00:24:29 (29718 turns).

Flugkiller the Warrior (Minotaur Fighter)          Turns: 29718, Time: 00:24:30

Health: -26/187    AC: 47    Str: 21    XL:     19   Next: 58%
Magic:  29/29      EV:  9    Int:  5    God:    Qazlal [****..]
Gold:   1670       SH: 27    Dex: 20    Spells: 18/18 levels left

rFire   + . .      SeeInvis +    U - +9 broad axe (distort)
rCold   + + .      Faith    .    B - +0 tower shield {AC+3}
rNeg    . . .      Spirit   .    C - +10 gold dragon scales
rPois   +          Reflect  .    (helmet restricted)
rElec   +          Harm     .    O - +1 cloak of the Bursted Slorg {rElec Dex+2 SInv}
rCorr   .          Rampage  .    m - +2 pair of gloves
Will    ++...                    u - +0 pair of boots
Stlth   ..........               o - amulet of regeneration
HPRegen 1.21/turn                N - ring "Sitzatt" {Drain rC+ Slay+5}
MPRegen 0.21/turn                p - +4 ring of protection

@: about to teleport, on berserk cooldown, hasted and slowed, repel missiles
A: horns 2, retaliatory headbutt, strong-willed 1
}: 3/15 runes: decaying, serpentine, abyssal
a: Renounce Religion, Upheaval, Elemental Force


You were on level 4 of the Depths.
You worshipped Qazlal.
Qazlal was greatly pleased with you.
You visited 8 branches of the dungeon, and saw 36 of its levels.
You visited the Abyss 1 time.
You also visited: Gauntlet and Ice Cave.

You collected 2348 gold pieces.
You spent 678 gold pieces at shops.

Inventory:

Hand Weapons
 U - a +9 broad axe of distortion (weapon)
   (You took it off Asterion on level 1 of the Depths)
Missiles
 H - 2 throwing nets (quivered)
Armour
 m - a +2 pair of gloves (worn)
   (You found it on level 13 of the Dungeon)
 u - a +0 pair of boots (worn)
   (You found it on level 13 of the Dungeon)
 B - a +0 tower shield of protection (worn)
   (You took it off a naga warrior on level 4 of the Snake Pit)
 C - +10 gold dragon scales (worn)
   (You took it off Parghit on level 3 of the Depths)
 O - the +1 cloak of the Bursted Slorg (worn) {rElec Dex+2 SInv}
   (You found it in a Gauntlet)

   Dex:       It affects your dexterity (+2).
   rElec:     It insulates you from electricity.
   SInv:      It lets you see invisible.
Jewellery
 o - an amulet of regeneration (around neck)
   (You found it on level 2 of the Dungeon)
 p - a +4 ring of protection (right hand)
   (You found it on level 5 of the Dungeon)
 L - the amulet "Vutuviak" {Spirit Will+ rCorr Dex+4}
   (You found it on level 5 of the Lair of Beasts)

   [amulet of guardian spirit]

   It causes incoming damage to be divided between your reserves of health and
   magic.
   Dex:       It affects your dexterity (+4).
   rCorr:     It protects you from acid and corrosion.
   Will:      It increases your willpower.
 N - the ring "Sitzatt" (left hand) {Drain rC+ Slay+5}
   (You found it on level 5 of the Lair of Beasts)

   [ring of protection from cold]

   Slay:      It affects your accuracy & damage with ranged weapons and melee
   (+5).
   rC:        It protects you from cold.
   Drain:     It drains your maximum health when unequipped.
Wands
 g - a wand of digging (6)
   (You found it on level 1 of the Swamp)
 F - a wand of quicksilver (24)
   (You found it on level 6 of the Dungeon)
 I - a wand of mindburst (18)
   (You found it on level 2 of the Swamp)
 Q - a wand of roots (15)
   (You found it in a Gauntlet)
 R - a wand of paralysis (5)
   (You found it on level 14 of the Dungeon)
Scrolls
 c - 2 scrolls of silence
 j - 5 scrolls of immolation
 l - 3 scrolls of magic mapping
 r - 2 scrolls of identify
 s - 4 scrolls of fear
 t - 8 scrolls of teleportation
 x - 5 scrolls of vulnerability
 z - 2 scrolls of blinking
 D - a scroll of summoning
Potions
 a - 2 potions of berserk rage
 d - 2 potions of might
 f - 3 potions of flight
 h - 5 potions of haste
 i - 4 potions of cancellation
 k - a potion of ambrosia
 n - 2 potions of resistance
 q - 13 potions of curing
 v - 3 potions of lignification
 w - 2 potions of heal wounds
 A - 4 potions of invisibility
 G - 2 potions of attraction
 J - 7 potions of mutation
 K - 5 potions of magic
Miscellaneous
 S - a phantom mirror
   (You found it on level 1 of the Lair of Beasts)


   Skills:
 - Level 20.5 Fighting
 - Level 19.3 Axes
 * Level 19.0 Armour
 - Level 11.0 Dodging
 * Level 16.9 Shields
 - Level 15.0 Invocations
 - Level 6.0 Evocations


You had 18 spell levels left.
You didn't know any spells.
Your spell library was empty.

Dungeon Overview and Level Annotations

Branches:
Dungeon (15/15)            Temple (1/1) D:4            Lair (5/5) D:11
  Swamp (4/4) Lair:3        Snake (4/4) Lair:3        Slime (0/5) Lair:5
    Orc (2/2) D:10            Elf (0/3) Orc:2        Vaults (0/5) D:14
 Depths (4/4) D:15            Zot (1/5) Depths:4      IceCv (visited)
Gauntlet (visited)

Altars:
Ashenzari
Cheibriados
Dithmenos
Elyvilon
Fedhas
Gozag
Hepliaklqana
Kikubaaqudgha
Makhleb
Nemelex Xobeh
Okawaru
Qazlal
Ru
Sif Muna
Trog
Uskayaw
Vehumet
Wu Jian
Xom
Yredelemnul
Zin
The Shining One
Jiyva
Lugonu

Shops:
D:10 ?   D:14 =   Orc:2 =?*=

Portals:
Hell: Depths:1 Depths:3
Abyss: Lair:5 Depths:4

Annotations:
D:8 exclusion: ice statue
Swamp:2 2 transporters, Quujobe's ghost, adept HOFi
Swamp:4 Roxanne
Depths:1 exclusion: 2 ice statues
Depths:4 Tiamat
Abyss:1 Vashnia


Innate Abilities, Weirdness & Mutations

You have a pair of horns on your head.
You reflexively headbutt those who attack you in melee.
You are strong-willed. (Will+)


Message History

The yellow draconian annihilator spits acid at you.
The glob of acid hits you but does no damage.
The white draconian is engulfed in freezing vapours.
The white draconian hits you but does no damage.
You block Tiamat's attack. Tiamat tail-slaps you!!
Tiamat tail-slaps you but does no damage.
You go up through the gate.
Welcome back to the Depths!
You feel sick.
There is a gate to the Realm of Zot, spattered with blood here.
Things that are here:
a ring of flight; a +2 plate armour of fire resistance; a +0 kite shield You hit Tiamat but do no damage.
Space warps around Tiamat.
Tiamat is lightly wounded.
You slice the black draconian knight!!
Space warps horribly around the black draconian knight.
You closely miss the moth of wrath.
You feel sick. You block the moth of wrath's attack.
You block the black draconian knight's attack.
You slash the black draconian knight!
Space warps horribly around the black draconian knight.
You headbutt the black draconian knight, but do no damage.
The black draconian knight is heavily wounded.
You hit Tiamat but do no damage. You slice the moth of wrath!!
Space warps around the moth of wrath.
You feel sick.
Tiamat hits you with a +2 glaive of protection!!!
Tiamat tail-slaps you!!!
The moth of wrath completely misses you.
You block Tiamat's attack.
Tiamat tail-slaps you but does no damage.
You block Tiamat's attack.
You barely miss the black draconian knight.
The black draconian knight is heavily wounded.
You hit Tiamat.
Space warps around Tiamat.
You closely miss the moth of wrath.
The black draconian knight gestures wildly while chanting.
The black draconian knight seems to speed up.
You closely miss the black draconian knight.
You headbutt the black draconian knight.
The black draconian knight is heavily wounded.
You hit Tiamat but do no damage.
Space warps horribly around Tiamat!!
You slash the moth of wrath!
Space warps around the moth of wrath.
You feel sick.
You block Tiamat's attack. x3; The moth of wrath bites you.
The black draconian knight mumbles some strange words.
The black draconian knight flickers and vanishes for a moment.
You slash the moth of wrath!
You kill the moth of wrath!
Qazlal accepts your kill.
You slash the black draconian knight!
Space warps horribly around the black draconian knight!
You hit Tiamat.
Tiamat blinks!
You block Tiamat's attack.
The black draconian knight hits you but does no damage.
You closely miss the black draconian knight.
The black draconian knight is severely wounded.
You feel sick.
Tiamat hits you from afar with a +2 glaive of protection!!!!
* * * LOW HITPOINT WARNING * * *
You are too injured to fight recklessly!
Unknown command.
You closely miss the black draconian knight.
The black draconian knight is severely wounded.
You feel sick.
The black draconian knight hits you but does no damage.
Tiamat hits you from afar with a +2 glaive of protection!!
* * * LOW HITPOINT WARNING * * *
You slice the black draconian knight!!
Your headbutt misses the black draconian knight.
The black draconian knight is severely wounded.
The black draconian knight blinks!
The black draconian knight breathes lightning at you.
The bolt of lightning hits you. You resist.
* * * LOW HITPOINT WARNING * * *
You block Tiamat's attack.
Unknown command.
You feel sick.
Tiamat rages.
You feel a strong urge to attack something.
You are no longer berserk.
You are exhausted.
You feel yourself slow down.
Unknown command.
Press: ? - help, v - describe, . - travel
Here: Tiamat, wielding a +2 glaive of protection and wearing the +4 dragonskin cloak (flame, lightly wounded, berserk)
The floor, spattered with blood.
Unknown command.
You feel much better.
You feel sick.
You are no longer poisoned.
You block Tiamat's attack. x2
You feel yourself speed up. You block Tiamat's attack. x2
Unknown command.
Press: ? - help, v - describe, . - travel, g - get item
Here: Tiamat, wielding a +2 glaive of protection and wearing the +4 dragonskin cloak (lightly wounded, berserk)
Items here: a ring of flight; a +2 plate armour of fire resistance; a +0 kite shield.
A gate to the Realm of Zot, spattered with blood.
Unknown command.
Unknown command.
As you read the scroll of teleportation, it crumbles to dust.
You feel strangely unstable. You block Tiamat's attack.
The black draconian knight gestures at you while chanting.
The shard of ice misses you.
Unknown command.
Tiamat hits you from afar with a +2 glaive of protection!!!
You die...

....... .<..###.. .....#
##....... ....# ........ ...##
.......#####...##
.###....##...##...###
........#.).).#.....#
...........#.qd.['.†..#
...≈≈.......#@°§..#)#.##
......§§§§.###.##...##.###
.......§§§§###).#####.)##
.........§..##..........######
.............##...........#..###
..........≈...#................##
..........≈.....................#
.≈.........≈≈§..................#
..........≈...§...≈≈.............


You could see Tiamat (berserk) and a black draconian knight (fast, invisible).

Vanquished Creatures
  A juggernaut (Depths:3)
  Sojobo (Depths:1)
  Bai Suzhen (Depths:1)
  the Lernaean hydra (Swamp:4)
  Parghit (Depths:3)
  A golden dragon (Depths:4)
  Mlioglotl (Swamp:2)
  2 liches
  Asterion (Depths:1)
  A quicksilver dragon (Depths:3)
  A sphinx (Depths:3)
  A storm dragon (Depths:4)
  A shadow dragon (Depths:4)
  Kirke (Snake:4)
  3 tentacled starspawn (Abyss:3)
  Donald (Swamp:3)
  A fenstrider witch (Swamp:2)
  2 tengu reavers (Depths:1)
  A draconian monk (Depths:4)
  3 fire giants
  3 nagarajas (Snake:4)
  3 frost giants
  An orc warlord (Orc:1)
  Louise (Snake:3)
  A draconian stormcaller (Depths:4)
  4 spectral caustic shrikes (Depths:1)
  7 very ugly things
  2 spriggan defenders (Depths:4)
  3 stone giants
  3 vampire knights
  2 black draconians (Depths:4)
  A yellow draconian (Depths:4)
  3 green draconians (Depths:4)
  6 eleionomae
  A minotaur (Gauntlet)
  5 bunyips
  4 spark wasps (Depths:1)
  A blizzard demon (Depths:1)
  10 ettins
  2 shambling mangroves
  Josephine (D:13)
  6 fire dragons
  6 ice dragons
  An ice dragon (shapeshifter) (Lair:5)
  4 boulder beetles
  15 hydras
  Erica (Lair:2)
  4 rakshasas
  3 salamander tyrants
  4 spriggan air magi
  2 anacondas
  2 death knights
  2 ogre magi (D:15)
  13 two-headed ogres
  2 dancing weapons (D:14)
  2 ghost crabs
  3 centaur warriors
  A tengu warrior (Depths:1)
  5 deep troll shamans
  13 naga warriors
  7 alligators
  5 thrashing horrors
  10 naga sharpshooters
  A vampire mage (Depths:2)
  5 orc high priests (Orc:2)
  2 deep troll earth magi (Depths:2)
  Urug (Lair:1)
  4 spriggan berserkers
  2 shock serpents
  Sonja (D:10)
  A hell knight (Depths:4)
  2 iron trolls (Depths:1)
  3 large abominations
  3 wretched stars (Abyss:3)
  5 skeletal warriors
  6 goliath frogs (Swamp:3)
  3 salamander mystics
  3 spriggan druids (Swamp:2)
  6 bog bodies
  12 deep trolls
  4 naga ritualists
  9 swamp dragons
  Pikel (D:4)
  A glowing orange brain (Depths:1)
  2 phantasmal warriors (D:14)
  A wizard (Depths:2)
  5 mana vipers
  3 orc knights
  A deep elf pyromancer (D:12)
  25 ugly things
  2 orc sorcerers (Orc:1)
  6 cyclopes
  4 manticores
  4 will-o-the-wisps
  7 salamanders
  Joseph (D:7)
  5 guardian serpents
  2 moths of wrath
  4 elephants (Lair:3)
  22 black mambas
  A torpor snail (Gauntlet)
  9 naga magi
  An apocalypse crab (Gauntlet)
  A gargoyle (D:14)
  2 smoke demons (Lair:5)
  12 cane toads
  A kobold demonologist (D:10)
  4 freezing wraiths
  An anaconda simulacrum (Abyss:3)
  A rime drake (Lair:5)
  A komodo dragon (shapeshifter) (Lair:5)
  6 komodo dragons
  An efreet (D:14)
  3 tengu conjurers
  2 ice devils (Depths:1)
  4 trolls
  2 ancient zymes (Lair:5)
  9 burning bushes
  A polar bear (shapeshifter) (Gauntlet)
  8 tyrant leeches
  21 hornets
  5 polar bears
  Prince Ribbit (D:7)
  35 blink frogs
  5 dream sheep (Lair:2)
  11 slime creatures
  A slime creature (shapeshifter) (Gauntlet)
  A shadow (D:10)
  A ynoxinul (Lair:5)
  2 vampires
  16 spriggans
  2 water elementals (Depths:1)
  A spriggan (shapeshifter) (Gauntlet)
  4 wyverns
  10 small abominations (Lair:5)
  6 wraiths
  36 yaks
  2 hogs (Snake:4)
  8 basilisks
  A steam dragon (D:6)
  11 vampire mosquitoes
  2 chaos spawn (Lair:5)
  2 wargs
  31 nagas
  13 swamp worms
  2 acid dragons
  A floating eye (Depths:4)
  35 orc warriors
  8 water moccasins
  2 ice beasts
  2 sky beasts
  6 swamp drakes (Swamp:4)
  A black bear (D:7)
  10 ogres
  40 wolves
  2 phantoms
  10 centaurs
  3 lemures
  8 kobold brigands
  7 bullfrogs
  A necrophage (D:7)
  5 gnoll sergeants
  8 scorpions
  10 wights
  12 killer bees
  2 electric eels (Lair:5)
  11 howler monkeys
  21 starcursed masses
  A hound (D:4)
  4 jellies
  30 orc priests
  A gnoll bouda (D:5)
  An iron imp (D:5)
  3 iguanas
  24 orc wizards
  Robin (D:3)
  15 gnolls
  2 adders
  A shadow imp (D:5)
  3 white imps
  3 ufetubi
  4 worms
  4 dart slugs
  109 orcs
  3 bats
  4 endoplasms
  4 giant cockroaches
  11 goblins
  12 hobgoblins
  21 kobolds
  6 ball pythons
  4 frilled lizards (D:2)
  5 rats (D:1)
  A bush (Lair:1)
  7 starspawn tentacles (Abyss:3)
1159 creatures vanquished.

Vanquished Creatures (others)
  An eleionoma (Swamp:2)
  A hydra (Swamp:1)
  2 bog bodies
  4 bloated husks
  A tyrant leech (Swamp:3)
  A swamp drake (Swamp:2)
  A wolf (Lair:4)
  A demonic plant (Abyss:3)
  24 foxfires
  23 fungi
  61 plants
  6 starspawn tentacles (Abyss:3)
126 creatures vanquished.

Grand Total: 1285 creatures vanquished

Notes
Turn   | Place    | Note
-------+----------+-------------------------------------------
     0 | D:1      | Flugkiller the Minotaur Fighter began the quest for the
                  | Orb.
     0 | D:1      | Reached XP level 1. HP: 19/19 MP: 0/0
   136 | D:1      | Reached XP level 2. HP: 26/27 MP: 1/1
   324 | D:1      | Reached skill level 4 in Fighting
   424 | D:1      | Reached XP level 3. HP: 33/33 MP: 2/2
   726 | D:2      | Found a faded altar of an unknown god.
  1305 | D:3      | Noticed an ice beast
  1309 | D:3      | Killed an ice beast
  1310 | D:3      | Reached XP level 4. HP: 41/41 MP: 3/3
  1310 | D:3      | Reached XP level 5. HP: 47/47 MP: 4/4
  1530 | D:3      | Noticed Robin
  1532 | D:3      | Reached skill level 5 in Axes
  1536 | D:3      | Killed Robin
  1965 | D:4      | Noticed Pikel
  1965 | D:4      | Noticed a lemure
  1965 | D:4      | Noticed a lemure
  1965 | D:4      | Noticed a lemure
  1965 | D:4      | Noticed a lemure
  1983 | D:3      | Killed a lemure
  1987 | D:3      | Killed a lemure
  2033 | D:4      | Found a staircase to the Ecumenical Temple.
  2058 | Temple   | Entered the Ecumenical Temple
  2226 | Temple   | Became a worshipper of Qazlal Stormbringer
  2293 | D:4      | Reached skill level 5 in Armour
  2295 | D:4      | Reached skill level 5 in Fighting
  2325 | D:4      | You fall into a shaft and drop 2 floors!
  2340 | D:5      | Entered Level 5 of the Dungeon
  2358 | D:5      | Reached XP level 6. HP: 26/56 MP: 5/5
  2399 | D:5      | Reached skill level 1 in Invocations
  2512 | D:4      | Killed Pikel
  2513 | D:4      | Reached skill level 6 in Fighting
  2513 | D:4      | Reached XP level 7. HP: 58/63 MP: 5/8
  2805 | D:4      | Reached XP level 8. HP: 70/70 MP: 9/9
  2862 | D:4      | Found a glowing golden altar of the Shining One.
  2962 | D:5      | Reached * piety under Qazlal
  3691 | D:5      | Found a snail-covered altar of Cheibriados.
  3756 | D:6      | Reached skill level 7 in Fighting
  3947 | D:6      | Reached XP level 9. HP: 79/79 MP: 11/11
  3958 | D:6      | Reached ** piety under Qazlal
  4208 | D:7      | Noticed Joseph
  4325 | D:7      | Noticed Prince Ribbit
  4350 | D:7      | Reached skill level 10 in Axes
  4353 | D:7      | Killed Prince Ribbit
  4404 | D:7      | Reached skill level 5 in Invocations
  4412 | D:7      | Reached skill level 8 in Fighting
  4453 | D:7      | Killed Joseph
  4873 | D:7      | Reached *** piety under Qazlal
  4883 | D:8      | Reached XP level 10. HP: 54/90 MP: 13/13
  4951 | D:8      | Identified the +1 scale mail "Egemusm" {Str+2}
  5159 | D:8      | Noticed an ice statue
  5252 | D:8      | Reached skill level 9 in Fighting
  5254 | D:8      | Found an iron altar of Okawaru.
  5329 | D:9      | Identified the +7 spear "Ymepuf" {drain, Dex+4}
  5427 | D:9      | Reached **** piety under Qazlal
  6051 | D:9      | Found a burning altar of Makhleb.
  6243 | D:10     | Entered Level 10 of the Dungeon
  6251 | D:10     | Reached skill level 10 in Armour
  6280 | D:10     | Identified the +4 trident of the Reaper {antimagic, *Noise
                  | +Blink rN++ Will+}
  6310 | D:10     | Noticed a rust devil
  6320 | D:10     | Reached skill level 10 in Fighting
  6320 | D:10     | Reached XP level 11. HP: 95/99 MP: 15/15
  6456 | D:10     | Reached ***** piety under Qazlal
  6537 | D:10     | Noticed Sonja
  6547 | D:10     | Killed Sonja
  6592 | D:10     | Found Zuatzach's Magic Scroll Boutique.
  6600 | D:10     | Bought a scroll of enchant weapon for 90 gold pieces
  6600 | D:10     | Bought a scroll of enchant weapon for 90 gold pieces
  6600 | D:10     | Bought a scroll of blinking for 90 gold pieces
  6613 | D:10     | Noticed a two-headed ogre
  6620 | D:10     | Killed a two-headed ogre
  6696 | D:10     | Noticed a two-headed ogre
  6708 | D:10     | Killed a two-headed ogre
  6863 | D:10     | Found a staircase to the Orcish Mines.
  7052 | D:10     | Found a shimmering altar of Xom.
  7052 | D:10     | Found a basalt altar of Yredelemnul.
  7322 | D:11     | Reached skill level 11 in Fighting
  7342 | D:11     | Found a frozen archway.
  7359 | IceCv    | Entered an ice cave
  7373 | IceCv    | Noticed a death yak
  7420 | D:11     | Noticed a boulder beetle
  7434 | D:11     | Killed a boulder beetle
  7435 | D:11     | Reached skill level 15 in Axes
  7435 | D:11     | Reached XP level 12. HP: 46/110 MP: 17/17
  7643 | D:11     | Noticed a two-headed ogre
  7647 | D:11     | Killed a two-headed ogre
  8082 | D:11     | Found a staircase to the Lair.
  8309 | Lair:1   | Entered Level 1 of the Lair of Beasts
  8309 | Lair:1   | Noticed Urug
  8517 | Lair:1   | Killed Urug
  8683 | Lair:1   | Noticed a seven-headed hydra
  8690 | Lair:1   | Killed an 11-headed hydra
  8919 | Lair:1   | Reached skill level 12 in Fighting
  9371 | Lair:2   | Noticed Erica
  9383 | Lair:2   | Killed Erica
  9909 | Lair:2   | Noticed an eight-headed hydra
  9914 | Lair:2   | Killed a ten-headed hydra
 10266 | Lair:3   | Reached XP level 13. HP: 113/119 MP: 19/19
 10330 | Lair:3   | Found a staircase to the Snake Pit.
 10461 | Lair:3   | Found a staircase to the Swamp.
 10579 | Lair:3   | Reached skill level 10 in Invocations
 10663 | Lair:3   | Reached ****** piety under Qazlal
 11228 | Lair:4   | Reached skill level 13 in Fighting
 12368 | Lair:5   | Entered Level 5 of the Lair of Beasts
 12550 | Lair:5   | Identified the amulet "Vutuviak" {Spirit Will+ rCorr Dex+4}
 12564 | Lair:5   | Identified the ring "Sitzatt" {Drain rC+ Slay+5}
 12782 | Lair:5   | Reached XP level 14. HP: 55/130 MP: 21/21
 12960 | Lair:5   | Found a viscous altar of Jiyva.
 12960 | Lair:5   | Found a staircase to the Slime Pits.
 13195 | Lair:5   | Reached skill level 14 in Fighting
 13254 | Lair:5   | Found a corrupted altar of Lugonu.
 13254 | Lair:5   | Found a one-way gate to the infinite horrors of the Abyss.
 14794 | D:13     | Noticed Josephine
 14810 | D:13     | Killed Josephine
 14811 | D:13     | Reached skill level 5 in Shields
 15757 | D:14     | Found a gate leading to a gauntlet.
 15773 | Gauntlet | Entered a Gauntlet
 15773 | Gauntlet | Found a transporter.
 15773 | Gauntlet | Found a transporter.
 15773 | Gauntlet | Found a transporter.
 15825 | Gauntlet | Found a transporter.
 15826 | Gauntlet | Found a transporter.
 15829 | Gauntlet | Found a transporter.
 15835 | Gauntlet | Found a transporter.
 15837 | Gauntlet | Found a transporter.
 15838 | Gauntlet | Found a transporter.
 15840 | Gauntlet | Found a transporter.
 15844 | Gauntlet | Found a runed translucent door.
 15846 | Gauntlet | Found a runed translucent door.
 15848 | Gauntlet | Found a transporter.
 15849 | Gauntlet | Found a transporter.
 16079 | Gauntlet | Identified the +1 cloak of the Bursted Slorg {rElec Dex+2
                  | SInv}
 16164 | Gauntlet | Identified the +2 leather armour of Unreason {*Corrode
                  | rN+++ Int+4}
 16369 | D:14     | Found Quepn's Jewellery Boutique.
 16386 | D:14     | Reached skill level 1 in Evocations
 16420 | D:14     | Found a gate to the Vaults.
 16471 | D:14     | Found a blossoming altar of Fedhas.
 16717 | D:15     | Entered Level 15 of the Dungeon
 16757 | D:15     | Reached XP level 15. HP: 103/138 MP: 23/23
 17517 | D:15     | Paralysed by an ogre mage for 4 turns
 17675 | D:15     | Noticed a fire giant
 17687 | D:15     | Killed a fire giant
 17701 | D:15     | Found a staircase to the Depths.
 17747 | D:15     | Reached skill level 10 in Shields
 18164 | Orc:1    | Entered Level 1 of the Orcish Mines
 18355 | Orc:1    | Noticed an orc warlord
 18503 | Orc:1    | Killed an orc warlord
 18715 | Orc:2    | Entered Level 2 of the Orcish Mines
 18793 | Orc:2    | Found a staircase to the Elven Halls.
 18831 | Orc:2    | Reached skill level 5 in Evocations
 19396 | Orc:2    | Found Umasasy's Jewellery Boutique.
 19399 | Orc:2    | Found Hatwyjuf's General Store.
 19400 | Orc:2    | Found Togg's Jewellery Boutique.
 19401 | Orc:2    | Found Nathribu's Magic Scroll Boutique.
 19407 | Orc:2    | Bought 2 scrolls of blinking for 180 gold pieces
 19407 | Orc:2    | Bought 2 scrolls of enchant armour for 180 gold pieces
 19407 | Orc:2    | Bought a scroll of fear for 48 gold pieces
 19680 | Swamp:1  | Entered Level 1 of the Swamp
 20416 | Swamp:2  | Noticed a fenstrider witch
 20417 | Swamp:2  | Reached skill level 1 in Dodging
 20506 | Swamp:2  | Killed a fenstrider witch
 20740 | Swamp:2  | Reached XP level 16. HP: 103/147 MP: 25/25
 20900 | Swamp:2  | Found a transporter.
 20906 | Swamp:2  | Found a bloodstained altar of Trog.
 20906 | Swamp:2  | Noticed Quujobe's ghost (adept HOFi)
 20919 | Swamp:2  | Found a transporter.
 20967 | Swamp:3  | Noticed Mlioglotl
 20976 | Swamp:2  | Noticed a tentacled starspawn
 20976 | Swamp:2  | Killed Mlioglotl
 21195 | Swamp:3  | Noticed Donald
 21206 | Swamp:3  | Killed Donald
 21207 | Swamp:3  | Reached skill level 15 in Fighting
 21529 | Swamp:3  | Identified the +1 robe "Refexoz" {rPois MP-9 Str+6 Dex+9}
 21819 | Swamp:3  | Reached skill level 5 in Dodging
 21863 | Swamp:4  | Entered Level 4 of the Swamp
 22151 | Swamp:4  | Noticed Roxanne
 22414 | Swamp:4  | Noticed the 27-headed Lernaean hydra
 22425 | Swamp:4  | Killed the 27-headed Lernaean hydra
 22850 | Swamp:4  | Got a decaying rune of Zot
 23084 | Swamp:4  | Gained mutation: You are strong-willed. (Will+) [potion of
                  | mutation]
 23360 | Depths:1 | Entered Level 1 of the Depths
 23399 | Depths:1 | Reached skill level 16 in Fighting
 23456 | Depths:1 | Noticed a lich
 23465 | Depths:1 | Killed a lich
 23561 | Depths:1 | Reached XP level 17. HP: 112/158 MP: 9/27
 23745 | Depths:1 | Noticed Sojobo
 23766 | Depths:1 | Killed Sojobo
 23785 | Depths:1 | Reached skill level 15 in Invocations
 23790 | Depths:1 | HP: 6/155 [tengu reaver/bolt of negative energy[Sojobo]
                  | (10)]
 24439 | Depths:1 | Found a gateway to Hell.
 24493 | Depths:1 | Noticed Bai Suzhen
 24539 | Depths:1 | Killed Bai Suzhen
 24574 | Depths:1 | Reached skill level 17 in Fighting
 24760 | Depths:1 | Noticed Asterion
 25114 | Depths:1 | Killed Asterion
 25115 | Depths:1 | Reached skill level 15 in Shields
 25456 | Depths:2 | Reached skill level 10 in Dodging
 25634 | Depths:3 | Noticed a lich
 25636 | Depths:3 | Reached skill level 18 in Fighting
 25639 | Depths:3 | Banished a lich
 25645 | Depths:3 | Noticed a lich
 25653 | Depths:3 | Killed a lich
 25753 | Depths:3 | Reached XP level 18. HP: 160/172 MP: 28/28
 25802 | Depths:3 | Noticed a juggernaut
 25832 | Depths:3 | Killed a juggernaut
 26055 | Depths:4 | Entered Level 4 of the Depths
 26055 | Depths:4 | Noticed Parghit
 26119 | Depths:4 | Reached skill level 19 in Fighting
 26136 | Depths:3 | Killed Parghit
 26390 | Snake:1  | Entered Level 1 of the Snake Pit
 26557 | Snake:2  | Identified the +2 short sword "Cerack" {spect, Str+5}
 26646 | Snake:2  | Identified the +0 scale mail "Geeset" {Rampage Str+6
                  | Stlth-}
 26934 | Snake:3  | Reached skill level 15 in Armour
 26936 | Snake:3  | Noticed Louise
 26948 | Snake:3  | Killed Louise
 27301 | Snake:3  | Reached skill level 20 in Fighting
 27481 | Snake:4  | Entered Level 4 of the Snake Pit
 27516 | Snake:4  | Noticed Vashnia
 27550 | Snake:4  | Banished Vashnia
 27702 | Snake:4  | Noticed Kirke
 27771 | Snake:4  | Killed Kirke
 27978 | Snake:4  | Got a serpentine rune of Zot
 28593 | Depths:2 | Reached XP level 19. HP: 183/187 MP: 29/29
 28836 | Depths:4 | Noticed a golden dragon
 28855 | Depths:4 | Killed a golden dragon
 29070 | Depths:4 | Found a gate to the Realm of Zot.
 29276 | Depths:4 | Paralysed by a vampire knight for 5 turns
 29345 | Abyss:3  | Cast into level 3 of the Abyss (unwielding a weapon of
                  | distortion)
 29365 | Abyss:3  | Paralysed by accursed screaming for 1 turns
 29369 | Abyss:3  | Paralysed by accursed screaming for 2 turns
 29411 | Abyss:3  | Found a corrupted altar of Lugonu.
 29411 | Abyss:3  | Found a corrupted altar of Lugonu.
 29417 | Abyss:3  | Found a corrupted altar of Lugonu.
 29418 | Abyss:3  | Got an abyssal rune of Zot
 29428 | Abyss:3  | Paralysed by accursed screaming for 2 turns
 29431 | Depths:4 | Escaped the Abyss
 29611 | Zot:1    | Entered Level 1 of the Realm of Zot
 29611 | Zot:1    | Found the +4 dragonskin cloak
 29611 | Zot:1    | Noticed Tiamat
 29702 | Zot:1    | Noticed an electric golem
 29718 | Depths:4 | Annihilated by Tiamat

Illustrated notes

Levels and vault maps discovered:
D:1:      heliophobic_arrival_dark_side_of_the_moon, layout_rooms
D:2:      layout_rooms, ebering_ecumenical_altar_ruins
D:3:      layout_basic, hex_intersection, uniq_robin
D:4:      layout_basic, mainiacjoe_overflow_tiny_flanked,
          minmay_temple_entry_grid, kennysheep_orc_chapel, uniq_pikel
D:5:      layout_basic, chei_slow_surprise, minivault_26
D:6:      layout_rooms, kennysheep_small_circle
D:7:      layout_rooms, uniq_prince_ribbit1, uniq_joseph
D:8:      lemuel_ice_statue, layout_rooms, okawaru_ov_weapons_minmay
D:9:      layout_stronghold, lightli_temple_of_fire
D:10:     layout_long_grid, grunt_temple_overflow_open,
          kennysheep_orc_monster_closet_entryway, serial_shops,
          nicolae_stop_n_shop_1, uniq_sonja
D:11:     layout_stronghold, david_lair_shrubbed,
          portal_ice_cave_entry_pillars_1
D:12:     layout_roguey
D:13:     layout_stronghold, uniq_josephine
D:14:     layout_rooms, erik_vaults_1, serial_shops, kennysheep_mini_moat,
          gauntlet_entry_generic, fedhas_altar_2
D:15:     grunt_enter_depths_giant_problem, layout_gridville,
          grunt_decor_mini_mirrors
Temple:   nicolae_temple_elliptical
Lair:1:   layout_chaotic_city, evilmike_ambush [evilmike_ambush_outer_basic,
          evilmike_ambush_inner_pond], serial_bayou_shore_b,
          serial_bayou_shore_a, grunt_megastairs_4, uniq_urug
Lair:2:   layout_cave_pods, uniq_erica
Lair:3:   layout_regular_city, swamp_mist_pool,
          minmay_snake_entry_guardpost_small, grunt_megastairs_1
Lair:4:   layout_cave_pods, evilmike_ambush [evilmike_ambush_outer_basic,
          evilmike_ambush_inner_basic]
Lair:5:   hellmonk_lair_end_abyssal_woods, layout_regular_city, slime_entry_1,
          gammafunk_lair_bear_cave, infiniplex_staircase_pool, lemuel_fruit_tree
Swamp:1:  layout_falls_marsh, evilmike_swamp_ruin_house_3
Swamp:2:  layout_basic_swamp, gammafunk_ghost_wrathful_warriors,
          evilmike_swamp_ruin_house_2
Swamp:3:  layout_basic_swamp, hangedman_swamp_pad, uniq_donald, uniq_mlioglotl
Swamp:4:  swamp_old_school, layout_basic_swamp, uniq_roxanne
Snake:1:  layout_grid_maze
Snake:2:  layout_onion_interference
Snake:3:  layout_cave_shapes, uniq_louise
Snake:4:  minmay_snake_end_coiled, layout_rooms, nicolae_snake_gridmaze_waves,
          uniq_vashnia, uniq_kirke
Orc:1:    layout_caves
Orc:2:    st_orc_pillars, layout_diamond_mine, basic_altar
Depths:1: layout_honeycomb, pf_hell_entry_tar_river, moated_statue,
          minmay_door_square, kennysheep_cluttered_room, minmay_misc_feat_cross,
          hangedman_decor_slide_cut, ice2_lemuel, uniq_bai_suzhen,
          uniq_asterion, uniq_sojobo
Depths:2: grunt_double_whammy, layout_honeycomb, enter_ziggurat_b,
          lightli_enter_wizlab_magi_temple, small_statue_intersection,
          hell_entry, pan_entry
Depths:3: minmay_quantized_circle, layout_long_grid, abyss_entry_crystal,
          hell_entry, elyvilon_altar_1, kennysheep_island_fort
Depths:4: evilmike_zot_entry_basic, layout_cave_pools, grunt_hell_entry_dis_mu,
          rand_demon_pan_entry_8, abyss_entry, uniq_parghit
Zot:1:    layout_misc_corridors, uniq_tiamat

Skill      XL: |  1  2  3  4  5  6  7  8  9 10 11 12 13 14 15 16 17 18 19 |
---------------+----------------------------------------------------------+-----
Axes           | 3 4 5 7 9 11 13 15 16 18 19 | 19.3
Armour         | 4 5 6 7 8 10 11 12 13 14 17 19 | 19.0
Fighting       | 4 5 6 7 8 10 11 12 13 14 16 18 20 | 20.5
Invocations    | 2 3 4 5 7 8 9 10 12 13 14 15 | 15.0
Shields        | 8 11 13 15 16 | 16.9
Evocations     | 2 6 |  6.0
Dodging        | 2 7 11 | 11.0

Action                   |  1- 3 |  4- 6 |  7- 9 | 10-12 | 13-15 | 16-18 | 19-21 || total
-------------------------+-------+-------+-------+-------+-------+-------+-------++-------
Melee: War axe           |    91 |    77 |   151 |       |       |       |       ||   319
       Headbutt          |     8 |    12 |    45 |   123 |   299 |   339 |    54 ||   880
       Broad axe         |       |       |   113 |   491 |  1189 |  1133 |   176 ||  3102
Invok: Upheaval          |       |       |       |     7 |    19 |    12 |       ||    38
       Disaster Area     |       |       |       |       |     1 |     9 |     4 ||    14
Evoke: Wand              |       |       |       |     1 |     1 |     2 |       ||     4
       Phantom mirror    |       |       |       |       |     1 |       |       ||     1
  Use: Scroll            |       |     5 |       |    13 |    14 |    20 |     2 ||    54
       Potion            |       |       |       |       |     2 |     7 |     3 ||    12
 Stab: Distracted        |       |       |       |       |     1 |       |       ||     1
       Confused          |       |       |       |       |       |     2 |       ||     2
       Paralysed         |       |       |       |       |       |     3 |       ||     3
Armor: Scale mail        |    32 |       |       |       |       |       |       ||    32
       Plate armour      |    28 |    62 |   229 |   306 |   622 |   548 |       ||  1795
       Gold dragon scale |       |       |       |       |       |   106 |   130 ||   236
Dodge: Dodged            |    28 |    33 |    93 |   140 |   245 |   311 |    41 ||   891
       Repelled          |       |       |       |     5 |    17 |    29 |    10 ||    61
Block: Buckler           |    21 |    28 |    99 |   268 |   671 |       |       ||  1087
       Kite shield       |       |       |       |       |    96 |  1102 |       ||  1198
       Tower shield      |       |       |       |       |       |    15 |   297 ||   312

Table legend: (Time is in decaauts)
 A = Elapsed time spent in this place.
 B = Non-inter-level travel time spent in this place.
 C = Inter-level travel time spent in this place.
 D = Time resting spent in this place.
 E = Time spent auto-exploring this place.
 F = Levels seen in this place.
 G = Mean time per level.
                   A        B        C        D        E       F      G
               +--------+--------+--------+--------+--------+-----+--------+
         Total |  29564 |  26721 |   2843 |   2893 |  17548 |  39 |  758.1 |
       Dungeon |  12740 |  11124 |   1616 |    626 |   8079 |  15 |  849.3 |
        Temple |    180 |    146 |     34 |      0 |    128 |   1 |  180.0 |
          Lair |   5712 |   5208 |    504 |    398 |   3905 |   5 | 1142.4 |
         Swamp |   3495 |   3348 |    147 |    687 |   1876 |   4 |  873.8 |
     Snake Pit |   1836 |   1662 |    174 |    234 |    940 |   4 |  459.0 |
  Orcish Mines |   1204 |   1146 |     58 |    121 |    636 |   2 |  602.0 |
        Depths |   3898 |   3591 |    307 |    825 |   1732 |   4 |  974.5 |
           Zot |      6 |      6 |      0 |      0 |      0 |   1 |    6.0 |
         Abyss |     81 |     81 |      0 |      0 |      0 |   1 |   81.0 |
      Ice Cave |     23 |     23 |      0 |      0 |      0 |   1 |   23.0 |
      Gauntlet |    385 |    385 |      0 |      2 |    250 |   1 |  385.0 |
               +--------+--------+--------+--------+--------+-----+--------+

Top non-repeatable levels by time:
Depths:1: 2013 daAuts
    D:11: 1497 daAuts
  Lair:3: 1433 daAuts
    D:10: 1353 daAuts
  Lair:5: 1250 daAuts
 Swamp:3: 1071 daAuts
    D:13: 1059 daAuts
 Swamp:4: 1054 daAuts
  Lair:2: 1047 daAuts
  Lair:4: 1044 daAuts
     D:5: 990 daAuts
     D:9: 969 daAuts
  Lair:1: 936 daAuts
    D:12: 922 daAuts
Depths:4: 910 daAuts
